 Dungeon Crawl Stone Soup version 0.23.2-1-ga50397a6bc (webtiles) character file.

Game seed: 1197191015167705453

114 McKennaii the Shield-Bearer (level 4, -8/29 HPs)
             Began as a Gargoyle Fighter on May 6, 2019.
             Killed by divine providence
             ... invoked by an orc priest
              (14 damage)
             ... on level 3 of the Dungeon.
             The game lasted 00:03:55 (1395 turns).

McKennaii the Shield-Bearer (Gargoyle Fighter)      Turns: 1395, Time: 00:03:56

Health: -8/29      AC: 12    Str: 20    XL:     4   Next: 97%
Magic:  4/4        EV:  7    Int:  9    God:
Gold:   77         SH:  9    Dex:  9    Spells: 3/3 levels left

rFire    . . .     SeeInvis .   a - +0 flail
rCold    . . .     Gourm    .   c - +0 shield
rNeg     + . .     Faith    .   b - +0 scale mail
rPois    ∞         Spirit   .   (no helmet)
rElec    +         Reflect  .   q - +0 cloak
rCorr    .         Harm     .   g - +0 pair of gloves
MR       .....                  (no boots)
Stlth    ..........             (no amulet)
HPRegen  0.09/turn              (no ring)
MPRegen  0.09/turn              (no ring)

@: no status effects
A: negative energy resistance 1, electricity resistance, unbreathing,
petrification resistance, rot immunity, AC +3
a: no special abilities


You were on level 3 of the Dungeon.
You were not hungry.

You visited 1 branch of the dungeon, and saw 6 of its levels.

You collected 77 gold pieces.

Inventory:

Hand Weapons
 a - a +0 flail (weapon)
Armour
 b - a +0 scale mail (worn)
 c - a +0 shield (worn)
 g - a +0 pair of gloves (worn)
 q - a +0 cloak (worn)
Scrolls
 e - 2 scrolls of blinking
 j - 5 scrolls of identify
 k - a scroll of random uselessness {unknown}
 l - a scroll of fog {unknown}
 n - 4 scrolls of remove curse
 o - a scroll of noise {unknown}
 p - a scroll of enchant armour {unknown}
 t - a scroll of magic mapping {unknown}
Potions
 d - a potion of might
 m - a potion of lignification {unknown}
 r - a potion of curing {unknown}
 s - a potion of degeneration {unknown}
Comestibles
 f - 3 rations
 h - 2 chunks of flesh


   Skills:
 + Level 3.9 Fighting
 + Level 3.2 Maces & Flails
 + Level 3.7 Armour
 + Level 0.9 Dodging
 + Level 4.1 Shields


You had 3 spell levels left.
You didn't know any spells.
Your spell library was empty.

Dungeon Overview and Level Annotations

Branches:
Dungeon (6/15)
 Temple: D:4-7

Altars:

Annotations:
D:5 Eustachio


Innate Abilities, Weirdness & Mutations

You are resistant to torment.
Your stone body is resilient. (AC +3)
You are immune to poison.
You resist negative energy. (rN+)
You are resistant to electric shocks. (rElec)
You can survive without breathing.
You are immune to petrification.
You are immune to rotting.


Message History

The rat closely misses you.
The quokka bites you but does no damage.
You hit the orc priest.
The orc priest is moderately wounded.
The orc priest hits you but does no damage.
The orc hits you but does no damage. You block the quokka's attack.
The rat bites you but does no damage.
You closely miss the orc priest.
The orc priest is moderately wounded.
The quokka bites you but does no damage.
You block the orc priest's attack. The orc hits you with a +0 hand axe.
* * * LOW HITPOINT WARNING * * *
You block the rat's attack. The quokka barely misses you.
The orc priest hits you but does no damage.
It was a potion of magic.
Magic courses through your body. You block the orc's attack.
The rat closely misses you.
The quokka bites you but does no damage.
The orc priest mumbles some strange prayers to Beogh against you.
Beogh smites you!
You die...

........##...........
....#...##.....).....
##. #....##.........#
#. #.....#o.........##
#.(#.................#
#.....##..#....##...
##........#.......# #
#.#.o###.........#.#
#.##r@o...#....#....
#.....r.........#...
#....#†###..#........
#...##.†#.......#..##
...#.##.>..#.###.# ..
..........##.# .# #
.....####[##.## .
###..####..)..## #.
#.....#........#####


You could see an orc priest, an orc, a quokka and a rat.

Vanquished Creatures
  A crimson imp (D:2)
  An adder (D:2)
  An adder skeleton (D:4)
  2 worms (D:2)
  A dart slug (D:2)
  2 leopard geckos
  3 orcs
  4 ball pythons
  4 bats (D:1)
  A giant cockroach (D:1)
  7 goblins
  7 hobgoblins
  A quokka (D:2)
  5 frilled lizards
  9 kobolds
  4 rats
53 creatures vanquished.

Notes
Turn   | Place    | Note
-------+----------+-------------------------------------------
     0 | D:1      | McKennaii the Gargoyle Fighter began the quest for the Orb.
     0 | D:1      | Reached XP level 1. HP: 14/14 MP: 1/1
    65 | D:1      | Reached XP level 2. HP: 14/19 MP: 2/2
   298 | D:1      | Reached XP level 3. HP: 24/24 MP: 3/3
   916 | D:2      | Reached XP level 4. HP: 29/29 MP: 4/4
   978 | D:2      | Reached skill level 4 in Shields
  1081 | D:3      | You fall through a shaft for 3 floors!
  1081 | D:6      | Noticed a centaur
  1089 | D:5      | Entered Level 5 of the Dungeon
  1089 | D:5      | Noticed Eustachio
  1395 | D:3      | Killed from afar by an orc priest

Skill      XL: |  1  2  3  4 |
---------------+-------------+-----
Maces & Flails | 3 |  3.2
Shields        | 4 |  4.1
Fighting       | |  3.9
Armour         | |  3.7
Dodging        | |  0.9

Action                   |  1- 3 |  4- 6 || total
-------------------------+-------+-------++-------
Melee: Flail             |   153 |    92 ||   245
  Use: Scroll            |       |     3 ||     3
       Potion            |       |     1 ||     1
  Eat: Chunk             |       |     2 ||     2
Armor: Scale mail        |    94 |    80 ||   174
Dodge: Dodged            |    44 |    46 ||    90
Block: Shield            |    67 |    83 ||   150
